 Dungeon Crawl Stone Soup version 0.31.0-12-g77e489cdc1 (webtiles) character file.

Game seed: 3595880877359197883

213 spaghetti the Caller (level 5, 1/52 HPs)
             Began as an Oni Summoner on Feb 15, 2024.
             Was an Initiate of Uskayaw.
             Quit the game on level 3 of the Dungeon.
             The game lasted 00:04:13 (2863 turns).

spaghetti the Caller (Oni Summoner)                 Turns: 2863, Time: 00:04:14

Health: 1/52       AC:  3    Str: 12    XL:     5   Next: 90%
Magic:  7/10       EV:  9    Int: 18    God:    Uskayaw [......]
Gold:   203        SH:  0    Dex:  9    Spells: 8/11 levels left

rFire   . . .        f - +0 dagger
rCold   . . .        (no shield)
rNeg    . . .        a - +0 robe
rPois   .            (helmet restricted)
rElec   .            (no cloak)
rCorr   .            (gloves unavailable)
SInv    .            (boots unavailable)
Will    .....        (no amulet)
Stlth   ++           (no ring)
HPRegen 0.28/turn    (no ring)
MPRegen 0.12/turn

%: no passive effects
@: no status effects
A: large, unfitting armour, horns 1, tough skin 1, double potion healing,
drunken brawling
a: Renounce Religion


You were on level 3 of the Dungeon.
You worshipped Uskayaw.
Uskayaw was noncommittal.
You visited 1 branch of the dungeon, and saw 4 of its levels.

You collected 203 gold pieces.

Inventory:

Hand Weapons
 f - a +0 dagger (weapon)
Armour
 a - a +0 robe (worn)
Jewellery
 c - a ring of see invisible
Talismans
 g - a maw talisman
Scrolls
 d - a scroll of teleportation
Potions
 b - a potion of mutation {unknown}


   Skills:
 + Level 2.9 Fighting
 - Level 1.7 Dodging
 + Level 2.1 Stealth
 + Level 3.7 Spellcasting
 + Level 4.3 Summonings
 + Level 2.1 Invocations
 + Level 1.2 Shapeshifting


You had 8 spell levels left.
You knew the following spells:

 Your Spells              Type           Power      Damage    Failure   Level
a - Summon Small Mammal   Summ           76%        N/A       2%          1
b - Call Imp              Summ           38%        N/A       3%          2

Your spell library contained the following spells:

 Spells                   Type           Power      Damage    Failure   Level
 Call Canine Familiar     Summ           19%        N/A       8%          3
 Summon Blazeheart Golem  Fire/Summ      11%        N/A       52%         4
 Summon Lightning Spire   Summ/Air       11%        N/A       52%         4
 Alistair's Intoxication  Alch           2%         N/A       99%         5
 Borgnjor's Vile Clutch   Necr/Erth      1%         N/A       99%         5
 Eringya's Noxious Bog    Alch           1%         4d6       100%        6


Dungeon Overview and Level Annotations

Branches:
Dungeon (4/15)
 Temple: D:4-7

Altars:
Ashenzari
Uskayaw
Wu Jian


Innate Abilities, Weirdness & Mutations

You are too large for most types of armour.
You have a pair of small horns on your head.
You have tough skin. (AC +1)
You gain doubled healing and magic from potions.
Whenever you drink a healing potion, you attack all around you.


Message History

Okay, then.
You stomp with the beat, sending a shockwave through the revellers around you!
The orc is severely wounded.
You kill the orc!
You kill the goblin!
You can no longer stomp with the beat.
Unknown command.
Unknown command.
Okay, then.
Unknown command.
You hit the orc. You headbutt the orc, but do no damage.
The orc is lightly wounded.
The orc completely misses you.
You hit the orc. Your headbutt misses the orc.
The orc is moderately wounded.
The orc closely misses you. The orc hits you with a +0 whip.
The orc hits you with a +0 flail!
You hit the orc but do no damage. You headbutt the orc, but do no damage.
The orc is moderately wounded.
The orc hits you with a +0 club. The orc hits you but does no damage.
The orc barely misses you.
Okay, then.
Unknown command.
Unknown command.
Okay, then.
Okay, then.
Unknown command.
You closely miss the orc.
The orc is moderately wounded.
The orc closely misses you. The orc hits you with a +0 whip.
The orc hits you with a +0 flail!
* * * LOW HITPOINT WARNING * * *
You hit the orc but do no damage.
The orc is moderately wounded.
The orc hits you with a +0 club.
* * * LOW HITPOINT WARNING * * *
The orc barely misses you. The orc hits you with a +0 flail.
* * * LOW HITPOINT WARNING * * *
Unknown command.
Okay, then.
Are you sure you want to abandon this character and quit the game? (Confirm with "yes".)

####### #.....##
#@###..# #ooo###.#
#⌠...⌠##.########
#.......#........#
#.>.⌠.<.#####....#
#.......# #....#
##⌠.>.⌠######....# #
##...##.........####
###......)...##..


You could see 3 orcs.

Vanquished Creatures
  An orc priest (D:3)
  An orc wizard (D:3)
  An adder (D:3)
  2 ribbon worms
  3 dart slugs
  7 orcs (D:3)
  2 endoplasms
  3 jackals (D:1)
  2 quokkas (D:1)
  3 ball pythons
  4 bats
  2 frilled lizards (D:3)
  4 goblins
  3 kobolds
38 creatures vanquished.

Vanquished Creatures (collateral kills)
  A hound (D:3)
  5 adders
  2 ribbon worms (D:2)
  3 orcs (D:3)
  A bat (D:2)
  A goblin (D:3)
  A hobgoblin (D:3)
  A jackal (D:1)
  2 ball pythons
  A frilled lizard (D:2)
  A kobold (D:1)
19 creatures vanquished.

Grand Total: 57 creatures vanquished

Notes
Turn   | Place    | Note
-------+----------+-------------------------------------------
     0 | D:1      | spaghetti the Oni Summoner began the quest for the Orb.
     0 | D:1      | Reached XP level 1. HP: 16/16 MP: 3/3
   145 | D:1      | Reached skill level 1 in Fighting
   158 | D:1      | Reached XP level 2. HP: 25/27 MP: 5/5
   340 | D:1      | Found a faded altar of an unknown god.
   348 | D:1      | Prayed at the altar of an unknown god.
   348 | D:1      | Became a worshipper of Uskayaw the Reveller
   348 | D:1      | Reached * piety under Uskayaw
   410 | D:1      | Reached ** piety under Uskayaw
   422 | D:1      | Learned a level 2 spell: Call Imp
   812 | D:1      | Reached XP level 3. HP: 31/35 MP: 5/7
  1190 | D:2      | Reached skill level 1 in Invocations
  1256 | D:2      | Reached skill level 4 in Summonings
  1407 | D:2      | Reached XP level 4. HP: 27/42 MP: 4/8
  2135 | D:3      | Found a broken altar of Ashenzari.
  2170 | D:3      | Reached skill level 1 in Shapeshifting
  2170 | D:3      | Reached XP level 5. HP: 6/50 MP: 6/10
  2174 | D:3      | HP: 1/50 [orc/+0 short sword (4)]
  2717 | D:3      | Found an ornate altar of the Wu Jian Council.
  2862 | D:3      | HP: 1/52 [orc/+0 flail (4)]
  2863 | D:3      | Quit the game

Illustrated notes

Levels and vault maps discovered:
D:1:      spicycebolla_green_bress_n_ham, layout_basic,
          ebering_ecumenical_altar_mist
D:2:      layout_basic
D:3:      layout_rooms, mainiacjoe_overflow_paths,
          mainiacjoe_overflow_tiny_flanked, grunt_ministairs_7,
          dreamdust_princess_bridge, chequers_serial_rivers_micro_c
D:4:      nicolae_cairo_tiling_large, layout_basic,
          minmay_temple_entry_purple_smoke, dk_noncrumbling_2,
          minmay_shop_grid_forest

Skill      XL: |  1  2  3  4  5 |
---------------+----------------+-----
Fighting       | 1 2 |  2.9
Spellcasting   | 3 |  3.7
Invocations    | 1 2 |  2.1
Summonings     | 4 |  4.3
Shapeshifting  | 1 |  1.2
Stealth        | 2 |  2.1
Dodging        | |  1.7

Action                     |  1- 3 |  4- 6 || total
---------------------------+-------+-------++-------
  Melee: Unarmed           |    83 |       ||    83
         Headbutt          |    16 |    19 ||    35
         Dagger            |    28 |   100 ||   128
         Punch             |       |     2 ||     2
   Cast: Summon Small Mamm |    21 |    15 ||    36
         Call Imp          |     9 |     8 ||    17
 Invoke: Stomp             |       |     6 ||     6
    Use: Potion            |       |     9 ||     9
         Scroll            |       |     1 ||     1
   Stab: Sleeping          |     2 |       ||     2
 Armour: Robe              |   109 |   137 ||   246
  Dodge: Dodged            |    73 |    72 ||   145
